 Dungeon Crawl Stone Soup version 0.31-a0-195-g7586a6f1e9 (webtiles) character file.

Game seed: 5475391961444933837

78 qw the Shooter (level 4, -4/25 HPs)
             Began as a Deep Elf Hunter on June 24, 2023.
             Was an Initiate of Okawaru.
             Killed from afar by an orc wizard (6 damage)
             ... with a magic dart
             ... on level 2 of the Dungeon.
             The game lasted 00:00:33 (1334 turns).

qw the Shooter (Deep Elf Hunter)                    Turns: 1334, Time: 00:00:34

Health: -4/25      AC:  3    Str: 10    XL:     4   Next: 15%
Magic:  6/6        EV: 13    Int: 12    God:    Okawaru [......]
Gold:   135        SH:  0    Dex: 18    Spells: 3/3 levels left

rFire   + + +        Y - +0 shortbow
rCold   . . .        (shield currently unavailable)
rNeg    . . .        a - +1 robe of a treasure trove {rPois rF+++ Int-2 Stlth+}
rPois   +            (no helmet)
rElec   .            (no cloak)
rCorr   .            (no gloves)
SInv    .            (no boots)
Will    +....        (no amulet)
Stlth   +++          e - ring of willpower
HPRegen 0.24/turn    (no ring)
MPRegen 0.10/turn

%: no passive effects
@: no status effects
A: no striking features
a: Renounce Religion


You were on level 2 of the Dungeon.
You worshipped Okawaru.
Okawaru was noncommittal.
You visited 1 branch of the dungeon, and saw 3 of its levels.

You collected 135 gold pieces.


   Skills:
 - Level 1.5 Fighting
 + Level 7.6 Ranged Weapons
 - Level 2.4 Dodging
 - Level 1.2 Stealth


You had 3 spell levels left.
You didn't know any spells.
Your spell library was empty.

Inventory:

Hand Weapons
 Y - a +0 shortbow (weapon)
Armour
 a - the +1 robe of a treasure trove (worn) {rPois rF+++ Int-2 Stlth+}
   (You found it on level 2 of the Dungeon)

   Int:       It affects your intelligence (-2).
   rF:        It renders you almost immune to fire.
   rPois:     It protects you from poison.
   Stlth:     It makes you more stealthy.
 c - a +2 leather armour of cold resistance
 d - a +0 ring mail
Jewellery
 e - a ring of willpower (left hand)
Scrolls
 h - a scroll of identify
Potions
 b - a potion of curing {unknown}

Dungeon Overview and Level Annotations

Branches:
Dungeon (3/15)

Altars:
Okawaru

Shops:
D:1 :


Message History

Enter note:
Enter note:
Enter note:
Enter note:
Enter note: You shoot an arrow.
The arrow hits the orc wizard!
The orc wizard is severely wounded.
The orc wizard hits you but does no damage.
The orc wizard misses you.
You shoot an arrow.
The arrow hits the orc wizard but does no damage.
The orc wizard is severely wounded.
You feel your willpower return.
The orc wizard hits you with a +0 dagger.
The orc wizard barely misses you.
You shoot an arrow.
The arrow hits the orc wizard but does no damage.
The orc wizard is severely wounded.
The orc wizard hits you with a +0 dagger.
The orc wizard mumbles some strange words.
The orc wizard flickers and vanishes!
Deactivating autopickup; reactivate with Ctrl-A.
You shoot an arrow. The arrow hits the orc wizard.
The orc wizard is lightly wounded.
The orc wizard completely misses you. Something hits you.
You shoot an arrow. The arrow barely misses the orc wizard.
The orc wizard casts a spell at you. The magic dart hits you.
Something hits you.
You shoot an arrow. The arrow hits the orc wizard.
The orc wizard is heavily wounded.
The orc wizard hits you with a +0 dagger.
You hear some strange, mumbled words.
Something tries to affect you, but you resist.
You shoot an arrow. The arrow hits the orc wizard!
You kill the orc wizard!
Okawaru accepts your kill.
You hear some strange, mumbled words.
A magic dart appears from out of thin air!
The magic dart hits you.
You die...

#.# ##'####.## #..# ##.##
#.......#####..#
#...###########.####.........#
#.............#)##<.........##
#...#########....#.##.#######
##### #......##.# ##...####.#
##)#####.# ####@......#
#...{.###### #.....# #.._..#
#.....# #.....# #....##
#####.##### ###
#######....)....# ##.##


There were no monsters in sight!

Vanquished Creatures
  An orc wizard (D:2)
  2 adders (D:2)
  A worm (D:2)
  2 dart slugs
  2 orcs (D:3)
  4 ball pythons
  2 bats
  4 endoplasms (D:2)
  2 giant cockroaches (D:1)
  3 hobgoblins
  10 jackals
  2 quokkas (D:2)
  2 frilled lizards (D:1)
  4 goblins
  4 kobolds
  3 rats
48 creatures vanquished.

Notes
Turn   | Place    | Note
-------+----------+-------------------------------------------
     0 | D:1      | qw the Deep Elf Hunter began the quest for the Orb.
     0 | D:1      | Reached XP level 1. HP: 12/12 MP: 3/3
     0 | D:1      | 0 ||| qw: Version: 0.3-a-9-g12657ce
     0 | D:1      | 0 ||| qw: Game counter: 4752
     0 | D:1      | 0 ||| qw: Always use a shield: true
     0 | D:1      | 0 ||| qw: God list: Okawaru
     0 | D:1      | 0 ||| qw: Allow faded altars: false
     0 | D:1      | 0 ||| qw: Do Orc after D:15 true
     0 | D:1      | 0 ||| qw: Do second Lair branch before Depths: true
     0 | D:1      | 0 ||| qw: Lair rune preference: random
     0 | D:1      | 0 ||| qw: Plans: Normal
     0 | D:1      | 0 ||| PLANNING D:1-11
    44 | D:1      | Reached XP level 2. HP: 13/16 MP: 4/4
    46 | D:1      | Reached skill level 6 in Ranged Weapons
    51 | D:1      | HP: 4/16 [jackal (1)]
   361 | D:1      | Found Gausitum's Book Boutique.
   437 | D:1      | Reached XP level 3. HP: 20/20 MP: 5/5
   474 | D:1      | 474 ||| UPGRADING to +0 ring mail.
   484 | D:1      | 484 ||| DROPPING +0 leather armour.
   485 | D:1      | 485 ||| UPGRADING to ring of willpower.
   486 | D:1      | 486 ||| READING scroll labelled JUED FOCAID.
   487 | D:1      | 487 ||| READING scroll labelled QUARYF NAIDEW.
   491 | D:1      | 491 ||| READING 2 scrolls labelled QENICZ WYASMA.
   492 | D:1      | 492 ||| DROPPING scroll of butterflies.
   508 | D:2      | Found an iron altar of Okawaru.
   510 | D:2      | 510 ||| PLANNING OKAWARU WORSHIP
   510 | D:2      | 510 ||| READING scroll labelled BENUNETEARE.
   519 | D:2      | Became a worshipper of Warmaster Okawaru
   520 | D:2      | 520 ||| PLANNING D:1-11
   546 | D:2      | Identified the +1 robe of a treasure trove {rPois rF+++
                  | Int-2 Stlth+}
   577 | D:2      | Reached skill level 7 in Ranged Weapons
   787 | D:2      | Reached XP level 4. HP: 25/25 MP: 6/6
  1272 | D:2      | 1272 ||| UPGRADING to +1 robe of a treasure trove {rPois
                  | rF+++ Int-2 Stlth+}.
  1282 | D:2      | 1282 ||| READING scroll labelled MUEKIY DA QUCS.
  1326 | D:3      | 1326 ||| STAIRDANCE
  1332 | D:2      | HP: 4/25 [something (3)]
  1334 | D:2      | Killed from afar by an orc wizard

Levels and vault maps discovered:
D:1:      dpeg_arrival_windows_large_door, layout_rooms, serial_shops,
          nicolae_book_shop_shelving
D:2:      layout_loops_corners, basic_altar
D:3:      layout_basic, serial_shops, nicolae_shop_behind_doors, serial_curves,
          eino_curves_04, eino_curves_01, chequers_serial_rivers_micro_c,
          minmay_misc_feat_ornament

Skill      XL: |  1  2  3 |
---------------+----------+-----
Ranged Weapons | 6 7 |  7.6
Fighting       | |  1.5
Dodging        | |  2.4
Stealth        | |  1.2

Action                     |  1- 3 |  4- 6 || total
---------------------------+-------+-------++-------
   Fire: Shortbow          |   105 |    24 ||   129
    Use: Scroll            |     4 |     1 ||     5
 Armour: Leather armour    |    11 |       ||    11
         Ring mail         |     4 |       ||     4
         Robe              |       |     1 ||     1
  Dodge: Dodged            |    33 |     4 ||    37

Table legend:
 A = Non-vault XP
 B = Vault XP
 C = Vault XP percentage of total XP
 D = Non-vault monster count
 E = Vault monster count
 F = Vault count percentage of total count
                 A         B        C        D         E       F
            +---------+---------+-------+---------+---------+-------
      Total |     147 |       0 |   0.0 |      48 |       0 |   0.0
            +---------+---------+-------+---------+---------+-------
        D:1 |      41 |       0 |   0.0 |      24 |       0 |   0.0
        D:2 |     100 |       0 |   0.0 |      22 |       0 |   0.0
        D:3 |       6 |       0 |   0.0 |       2 |       0 |   0.0
            +---------+---------+-------+---------+---------+-------
